Map: Backwater LE

Players

Edwards

  • Race: Zerg Zerg
  • League: Platinum
  • Spawn Location: 5:00

Genesis - Winner!

  • Race: Protoss Protoss
  • League: Platinum
  • Spawn Location: 11:00

VOD

Have the link to the VOD?

Description

Time

  • Played on: Feb. 6, 2018, 9:06 a.m.
  • Length: 13:28
Show
View Real Time Build Order
Export as new Build Order

Edwards Zerg 

Build Orders: Hatch First 

Get SALT Encoding   

  12  0:01  Drone  
  13  0:09  Drone  
  14  0:20  Extractor x2  
  14  0:21  Drone  
  13  0:23  Drone  
  16  0:48  Hatchery  
  15  0:51  Overlord  
  15  1:12  Spawning Pool  
  15  1:16  Drone x2  
  16  1:30  Drone x2  
  18  1:57  Drone x2  
  20  2:04  Roach Warren  
  19  2:14  Spine Crawler  
  18  2:17  Zergling x4  
  18  2:21  Extractor  
  19  2:22  Extractor  
  19  2:31  Queen  
  20  2:44  Drone x2  
  20  2:45  Drone  
  23  3:01  Roach  
  24  3:07  Roach  
  26  3:20  Overlord  
  26  3:26  Burrow  
  26  3:32  Overlord  
  26  3:41  Roach x2  
  34  3:51  Overlord  
  32  3:58  Roach  
  32  3:59  Roach x3  
  40  4:17  Roach x2  
  42  4:24  Roach x2  
  42  4:28  Ravager  
  47  4:35  Roach  
  47  5:03  Ravager  
  47  5:04  Ravager  
  47  5:06  Roach x2  
  48  5:20  Roach  
  48  5:21  Roach  
  52  5:22  Overlord  
  52  5:41  Roach  
  52  5:42  Roach x2  
  58  5:44  Roach  
  58  5:45  Overlord  
  60  6:15  Roach x4  
  68  6:20  Lair  
  68  6:33  Overlord  
  68  6:34  Overlord  
  68  6:54  Ravager  
  68  6:55  Ravager x2  
  71  7:02  Drone  
  71  7:03  Drone x2  
  64  8:00  Extractor  
  64  8:04  Zergling x4  
  64  8:05  Zergling x2  
  66  8:10  Drone x3  
  67  8:31  Hydralisk Den  
  66  8:42  Hatchery  
  66  8:44  Overlord x3  
  65  8:52  Roach x13  
  65  9:07  Roach x9  
  52  9:18  Hydralisk x3  
  36  9:33  Hydralisk  
  38  9:39  Queen  
  38  9:44  Roach x4  
  40  9:46  Extractor  
  40  9:49  Hydralisk  
  41  9:53  Extractor  
  41  9:56  Drone  
  41  9:57  Queen  
  41  10:12  Hydralisk  
  37  10:14  Hydralisk  
  37  10:15  Hydralisk x2  
  43  10:22  Drone  
  44  10:29  Drone  
  45  10:38  Hydralisk  
  45  10:39  Hydralisk  
  49  10:49  Hydralisk x3  
  49  10:50  Hydralisk  
  49  10:52  Hydralisk  
  49  10:53  Hydralisk  
  61  11:08  Drone, Evolution Chamber  
  61  11:10  Drone x3  
  64  11:18  Drone  
  65  11:23  Drone  
  66  11:27  Drone x2  
  68  11:42  Drone x2  
  68  11:45  Hydralisk  
  68  11:46  Hydralisk  
  74  11:47  Drone  
  75  12:03  Drone x3  
  75  12:04  Hydralisk  
  75  12:05  Hydralisk  
  82  12:27  Overlord x2  
  82  12:31  Spore Crawler  
  65  12:57  Overlord x3  
Show
View Real Time Build Order
Export as new Build Order

Genesis Protoss - Winner!

Build Orders:  

Get SALT Encoding   

  12  0:02  Probe  
  13  0:14  Probe  
  13  0:19  Pylon  
  14  0:26  Probe  
  15  0:38  Probe  
  15  0:40  Forge  
  16  0:50  Probe  
  17  1:06  Pylon  
  17  1:25  Pylon  
  17  1:31  Photon Cannon  
  17  1:33  Gateway  
  17  1:39  Photon Cannon  
  17  1:48  Pylon  
  17  2:01  Probe  
  17  2:06  Assimilator  
  18  2:10  Assimilator  
  18  2:13  Probe  
  18  2:15  Pylon  
  19  2:26  Probe  
  19  2:27  Cybernetics Core  
  20  2:38  Probe  
  21  2:50  Probe  
  22  2:52  Photon Cannon  
  22  3:02  Probe  
  23  3:11  Photon Cannon  
  23  3:15  Warp Gate (Chrono Boost)  
  23  3:16  Shield Battery  
  23  3:17  Probe  
  24  3:29  Probe  
  25  3:48  Nexus  
  25  3:55  Probe  
  26  4:09  Stalker  
  27  4:23  Shield Battery  
  27  4:27  Photon Cannon  
  27  4:31  Probe  
  28  4:39  Stalker  
  30  4:46  Probe (Chrono Boost)  
  31  4:56  Probe (Chrono Boost)  
  31  4:58  Pylon  
  32  5:01  Probe (Chrono Boost), Shield Battery  
  33  5:13  Probe  
  34  5:15  Pylon  
  34  5:25  Probe  
  31  5:36  Stargate  
  31  5:39  Stargate  
  30  5:43  Stargate  
  30  5:52  Stalker  
  32  5:58  Assimilator  
  32  6:02  Assimilator  
  32  6:04  Probe  
  33  6:18  Nexus  
  33  6:32  Void Ray  
  37  6:43  Pylon  
  37  6:55  Assimilator  
  37  7:01  Assimilator  
  37  7:15  Forge  
  37  7:16  Cybernetics Core  
  37  7:20  Zealot  
  33  7:36  Void Ray  
  35  7:40  Void Ray  
  38  7:55  Void Ray  
  42  8:13  Pylon  
  42  8:15  Pylon  
  42  8:17  Pylon  
  42  8:21  Pylon  
  41  8:34  Pylon  
  45  9:07  Pylon  
  45  9:10  Pylon  
  35  9:35  Forge, Void Ray (Chrono Boost)  
  35  9:37  Gateway, Void Ray (Chrono Boost)  
  43  9:49  Probe  
  44  10:01  Probe  
  45  10:12  Void Ray (Chrono Boost)  
  45  10:13  Probe  
  50  10:24  Photon Cannon  
  50  10:34  Void Ray (Chrono Boost)  
  54  10:56  Void Ray (Chrono Boost)  
  58  11:12  Cybernetics Core  
  58  11:18  Void Ray (Chrono Boost)  
  62  11:37  Void Ray  
  66  11:57  Void Ray  
  70  12:10  Probe  
  71  12:28  Pylon  
  71  12:29  Pylon  
  71  12:38  Void Ray (Chrono Boost)  
Tags
 
Add a new tag
Caveats
  • Supply blocks, unpowered buildings, or Contaminate may cause inaccurate times.
  • Supply counts are checked every 10 seconds.